 Dungeon Crawl Stone Soup version 0.19.1-1-g22dce08 (webtiles) character file.

23 Kiturien the Stinger (level 2, -11/17 HPs)
             Began as an Octopode Venom Mage on Jan 17, 2017.
             Killed by a distortion unwield (28 damage)
             ... on level 1 of the Dungeon.
             The game lasted 00:03:31 (1292 turns).

Kiturien the Stinger (Octopode Venom Mage)          Turns: 1292, Time: 00:03:32

Health: -11/17     AC:  1    Str:  7    XL:     2   Next: 95%
Magic:  14/14      EV: 13    Int: 17    God:
Gold:   17         SH:  0    Dex: 12    Spells: 1 memorised, 4 levels left

rFire  . . .     SeeInvis .     (no weapon)
rCold  . . .     Gourm    .     (no shield)
rNeg   . . .     Faith    .     (helmet restricted)
rPois  .         Spirit   .     (no amulet)
rElec  .         Reflect  .     d - ring of magical power
rCorr  .         Harm     .     (no ring)
MR     .....                    (no ring)
Stlth  +++.......               (no ring)
                                (no ring)
                                (no ring)
                                (no ring)
                                (no ring)

@: no status effects
A: almost no armour, stealthy swim, amphibious, 8 rings, constrict 8, camouflage
1, gelatinous body 1
a: no special abilities


You were on level 1 of the Dungeon.
You were not hungry.

You visited 1 branch of the dungeon, and saw 1 of its levels.

You collected 17 gold pieces.

Inventory:

Hand Weapons
 f - a +0 short sword
 j - a +0 dagger of distortion
Jewellery
 d - a ring of magical power (left tentacle)
Scrolls
 c - a scroll of noise {unknown}
 e - a scroll of enchant weapon {unknown}
 g - 2 scrolls of identify {unknown}
Potions
 h - a potion of heal wounds {unknown}
 i - a potion of degeneration {unknown}
Books
 a - a Young Poisoner's Handbook

   Spells                             Type                      Level
   a - Sting                          Conjuration/Poison           1
   b - Mephitic Cloud                 Conjuration/Poison/Air       3
   c - Olgreb's Toxic Radiance        Poison                       4
   d - Alistair's Intoxication        Transmutation/Poison         5
   e - Venom Bolt                     Conjuration/Poison           5
Comestibles
 b - a bread ration


   Skills:
 + Level 0.2 Fighting
 + Level 2.0 Dodging
 + Level 3.3 Stealth
 + Level 2.0 Spellcasting
 + Level 5.4 Poison Magic


You had 4 spell levels left.
You knew the following spells:

 Your Spells              Type           Power        Failure   Level  Hunger
a - Sting                 Conj/Pois      ##..         10%         1    #......


Dungeon Overview and Level Annotations

Branches:
Dungeon (1/15)

Altars:


Innate Abilities, Weirdness & Mutations

You cannot wear most types of armour.
You are very stealthy in the water. (Stealth+)
You are amphibious.
You can wear up to eight rings at the same time.
You can use your tentacles to constrict eight enemies at once.
Your skin changes colour to match your surroundings (Stealth+).
Your rubbery body absorbs attacks. (AC +1, EV +1)


Message History

You kill the frilled lizard!
You see here a frilled lizard corpse.
h - a bubbling dark potion You are feeling very hungry.
You start eating one of the 2 bread rations.
You continue eating. x2
HP restored.
You finish eating.
That bread ration really hit the spot!
Found a runed dagger.
g - 2 scrolls labeled SIT EPIGUSYE (gained 1)
i - a fuming yellow potion A rat comes into view.
You see here a runed dagger.
j - a runed dagger Space warps around you for a moment!
j - a +0 dagger of distortion (weapon)
Really unwield
j - a +0 dagger of distortion?
You are crushed and pinned by an extremely strong localised spatial distortion!
Ouch! That really hurt!
You die...

#####.#.#.#.#.......##....# #....
....................##....###)...
.###.#.#.#.#.#...........(.(.....
.# #................##....###....
##.#.#.#.#.#.#.....'.(....†(....
#.................#########....
#..#.#.#.#.#.#.#....# ####....
#...................# ..).......
##..#.#.#.#.#.#.@#### .#########
###...........### #?#.#.#.#.#.#
##..........# #.#r#.#.#..#
.......#.# ####.##.#


There were no monsters in sight!

Vanquished Creatures
  A dart slug (D:1)
  A leopard gecko (D:1)
  2 bats (D:1)
  2 giant cockroaches (D:1)
  2 goblins (D:1)
  4 hobgoblins (D:1)
  2 frilled lizards (D:1)
  2 kobolds (D:1)
  2 rats (D:1)
18 creatures vanquished.

Notes
Turn   | Place    | Note
-------+----------+-------------------------------------------
     0 | D:1      | Kiturien the Octopode Venom Mage began the quest for the Orb.
     0 | D:1      | Reached XP level 1. HP: 11/11 MP: 3/3
   600 | D:1      | Reached skill level 5 in Poison Magic
   601 | D:1      | Reached XP level 2. HP: 13/17 MP: 5/5
  1292 | D:1      | Killed by a distortion unwield

Skill      XL: |  1 |
---------------+----+-----
Poison Magic   | 5 |  5.4
Stealth        | 3 |  3.3
Fighting       | |  0.2
Dodging        | |  2.0
Spellcasting   | |  2.0

Action                   || total
-------------------------++-------
Melee: Unarmed           ||    10
       Short sword       ||    33
       Constrict         ||    12
       Tentacles         ||     6
 Cast: Sting             ||     2
  Use: Potion            ||     2
 Stab: Sleeping          ||     3
  Eat: Bread ration      ||     1
Armor: Skin              ||     3
Dodge: Dodged            ||    31
